 Dungeon Crawl Stone Soup version 0.32-a0-931-g5a2cda0630 (webtiles) character file.

Game seed: 16244662147057876963

252 Biggs the Cutter (level 6, 0/30 HPs)
             Began as a Vine Stalker Brigand on Apr 14, 2024.
             Succumbed to a scorpion's poison
             ... on level 4 of the Dungeon.
             The game lasted 00:05:16 (1222 turns).

Biggs the Cutter (Vine Stalker Brigand)             Turns: 1222, Time: 00:05:17

Health: 0/30       AC:  6    Str: 14    XL:     6   Next: 14%
Magic:  4/7        EV:  0    Int: 11    God:
Gold:   72         SH:  4    Dex: 17    Spells: 5/5 levels left

rFire   . . .        a - +2 dagger
rCold   . . .        k - +0 buckler
rNeg    . . .        p - +0 ring mail
rPois   .            (no helmet)
rElec   .            c - +0 cloak
rCorr   .            (no gloves)
SInv    .            (no boots)
Will    .....        (no amulet)
Stlth   ++           (no ring)
HPRegen 1.05/turn    (no ring)
MPRegen 0.10/turn

%: guardian spirit
@: lethally poisoned (0 -> 0), constricted
A: fangs 2, regeneration 1, magic shield, antimagic bite, no potion heal 2
a: no special abilities


You were on level 4 of the Dungeon.
You visited 1 branch of the dungeon, and saw 4 of its levels.

You collected 72 gold pieces.

Inventory:

Hand Weapons
 a - a +2 dagger (weapon)
Missiles
 d - 9 poisoned darts
 e - 6 curare-tipped darts (quivered)
Armour
 b - a +0 robe
 c - a +0 cloak (worn)
 k - a +0 buckler (worn)
 p - a +0 ring mail (worn)
Scrolls
 f - a scroll of identify {unknown}
 g - a scroll of enchant weapon {unknown}
 i - a scroll of fear {unknown}
 j - 2 scrolls of fog {unknown}
 n - 2 scrolls of revelation {unknown}
 o - a scroll of enchant armour {unknown}
Potions
 h - a potion of heal wounds {unknown}
 l - a potion of attraction {unknown}
 m - 2 potions of enlightenment {unknown}


   Skills:
 - Level 1.7 Fighting
 + Level 5.7 Short Blades
 - Level 1.7 Throwing
 - Level 0.7 Dodging
 - Level 4.8 Stealth


You had 5 spell levels left.
You didn't know any spells.
Your spell library contained the following spells:

 Spells                   Type           Power      Damage    Failure   Level
 Blink                    Tloc           0%         N/A       83%         2
 Dazzling Flash           Conj/Hex       0%         N/A       97%         3
 Inner Flame              Hex/Fire       0%         N/A       97%         3
 Dimensional Bullseye     Hex/Tloc       0%         N/A       100%        4
 Irradiate                Conj/Alch      0%         3d11      100%        5
 Ignition                 Fire           0%         3d3       100%        8


Dungeon Overview and Level Annotations

Branches:
Dungeon (4/15)
 Temple: D:4-7

Altars:

Annotations:
D:3 1 runed translucent door, mitya21's ghost, amateur DsSh


Innate Abilities, Weirdness & Mutations

You have extremely sharp teeth.
Your natural rate of healing is unusually fast.
When hurt, damage is shared between your health and your magic reserves.
Your bite disrupts and absorbs the magic of your enemies.
Potions cannot restore your health.


Message History

The scorpion stings you but does no damage.
You completely miss the scorpion.
The scorpion is heavily wounded.
You feel sick.
The ball python bites you but does no damage.
The ball python constricts you. The scorpion stings you.
* * * LOW HITPOINT WARNING * * *
Unknown command.
You hit the scorpion. Your bite misses the scorpion.
The scorpion is heavily wounded.
You feel sick.
The ball python bites you but does no damage.
The ball python constricts you.
Unknown command.
You barely miss the scorpion.
The scorpion is heavily wounded.
You feel sick.
The scorpion stings you but does no damage.
The ball python bites you but does no damage.
The ball python constricts you.
* * * LOW HITPOINT WARNING * * *
Unknown command.
Okay, then.
The ball python's grasp on you weakens, but your attempt to escape fails.
* * * LOW HITPOINT WARNING * * *
You feel sick.
The scorpion stings you but does no damage.
The ball python bites you but does no damage.
The ball python constricts you. The scorpion stings you.
* * * LOW HITPOINT WARNING * * *
Okay, then.
You hit the scorpion. Your bite misses the scorpion.
The scorpion is heavily wounded.
* * * LOW HITPOINT WARNING * * *
You feel sick. You block the ball python's attack.
The ball python constricts you.
Unknown command.
You hit the scorpion.
The scorpion is severely wounded.
You die...

#..# #. #..# #.
#.. #. ##.######.
#.......'.
#######
##..######.
#.....# #..## #.
##..# #.## #.
#ß@.# #§# #.
##sS# #.# ## #..#
#.# ##..#
##S####### #ß..#
#§.....J..
#..####§S.......
#...........[...
#...............
#ß###ß###ß#?.....


You could see a scorpion and a ball python.

Vanquished Creatures
  A phantom (D:4)
  An orc priest (D:2)
  2 bombardier beetles
  3 gnolls (D:3)
  An adder (D:3)
  A dart slug (D:4)
  A ribbon worm (D:2)
  5 orcs
  4 ball pythons
  3 bats (D:2)
  An endoplasm (D:2)
  A giant cockroach (D:3)
  3 goblins
  3 hobgoblins
  2 jackals (D:1)
  A quokka (D:2)
  3 frilled lizards
  A kobold (D:2)
  5 rats
42 creatures vanquished.

Notes
Turn   | Place    | Note
-------+----------+-------------------------------------------
     0 | D:1      | Biggs the Vine Stalker Brigand began the quest for the Orb.
     0 | D:1      | Reached XP level 1. HP: 11/11 MP: 2/2
   112 | D:1      | Reached skill level 2 in Short Blades
   188 | D:1      | Reached XP level 2. HP: 15/15 MP: 3/3
   537 | D:2      | Reached skill level 3 in Short Blades
   537 | D:2      | Reached XP level 3. HP: 12/18 MP: 2/4
   620 | D:3      | Reached XP level 4. HP: 22/23 MP: 5/5
   670 | D:3      | Found a runed translucent door.
   679 | D:3      | Noticed a bullfrog
   682 | D:3      | Noticed mitya21's ghost (amateur DsSh)
   783 | D:3      | Reached skill level 4 in Short Blades
   848 | D:3      | Reached XP level 5. HP: 26/26 MP: 3/6
   975 | D:3      | Got Sif Muna's Codex of Warped Fate
  1155 | D:4      | Reached skill level 5 in Short Blades
  1176 | D:4      | Noticed a phantom
  1202 | D:4      | Killed a phantom
  1203 | D:4      | Reached XP level 6. HP: 30/30 MP: 7/7
  1220 | D:4      | HP: 1/30 [scorpion (1)]
  1222 | D:4      | Succumbed to a scorpion's poison

Illustrated notes

Levels and vault maps discovered:
D:1:      elethiomel_arrival_quiet, layout_loops_corners
D:2:      cheibrodos_pilgrimage, layout_basic, st_stairs_8
D:3:      layout_basic, shapermc_ecumenical_altar_acropolis,
          ebering_ghost_sewer_d
D:4:      layout_basic, chequers_hall_statues_corner_a,
          minmay_misc_feat_encased, sigmund_edmund_badplayer

Skill      XL: |  1  2  3  4  5 |
---------------+----------------+-----
Short Blades   | 2 3 4 5 |  5.7
Fighting       | |  1.7
Throwing       | |  1.7
Dodging        | |  0.7
Stealth        | |  4.8

Action                     |  1- 3 |  4- 6 || total
---------------------------+-------+-------++-------
  Melee: Dagger            |    68 |   108 ||   176
         Bite              |    22 |    32 ||    54
   Stab: Sleeping          |     7 |     1 ||     8
 Armour: Robe              |    37 |    31 ||    68
         Ring mail         |       |    45 ||    45
  Dodge: Dodged            |    38 |    43 ||    81
  Block: Buckler           |       |    22 ||    22

Table legend: (Time is in decaauts)
 A = Elapsed time spent in this place.
 B = Non-inter-level travel time spent in this place.
 C = Inter-level travel time spent in this place.
 D = Time resting spent in this place.
 E = Time spent auto-exploring this place.
 F = Levels seen in this place.
 G = Mean time per level.
                   A        B        C        D        E       F      G
               +--------+--------+--------+--------+--------+-----+--------+
         Total |   1191 |   1191 |      0 |      0 |      0 |   4 |  297.8 |
       Dungeon |   1191 |   1191 |      0 |      0 |      0 |   4 |  297.8 |
               +--------+--------+--------+--------+--------+-----+--------+

Top non-repeatable levels by time:
     D:3: 480 daAuts
     D:2: 377 daAuts
     D:1: 212 daAuts
     D:4: 121 daAuts
